 Dungeon Crawl Stone Soup version 0.19.0-9-gfd783f2 (webtiles) character file.

200 JeffiDaFish the Shield-Bearer (level 5, -9/33 HPs)
             Began as a Gargoyle Fighter on Nov 8, 2016.
             Mangled by Sigmund
             ... wielding a +0 scythe
              (12 damage)
             ... on level 3 of the Dungeon.
             The game lasted 00:05:01 (2636 turns).

JeffiDaFish the Shield-Bearer (Gargoyle Fighter)    Turns: 2636, Time: 00:05:01

Health: -9/33      AC: 11    Str: 23 (25) XL:     5   Next: 79%
Magic:  5/5        EV:  8    Int:  8 (9)  God:
Gold:   156        SH: 13    Dex:  8 (9)  Spells: 0 memorised, 4 levels left

rFire  . . .     SeeInvis .     a - +0 flail
rCold  . . .     Gourm    .     b - +0 scale mail
rNeg   + . .     Faith    .     c - +4 shield
rPois  ∞         Spirit   .     (no helmet)
rElec  +         Reflect  .     (no cloak)
rCorr  .         Harm     .     (no gloves)
MR     .....                    (no boots)
Stlth  ..........               (no amulet)
                                (no ring)
                                (no ring)

@: mighty
A: negative energy resistance 1, electricity resistance, unbreathing,
petrification resistance, rot immunity, AC +4
a: no special abilities


You were on level 3 of the Dungeon.
You were not hungry.

You visited 1 branch of the dungeon, and saw 3 of its levels.

You collected 156 gold pieces.

Inventory:

Hand Weapons
 a - a +0 flail (weapon)
Armour
 b - a +0 scale mail (worn)
 c - a +4 shield (worn)
Scrolls
 e - a scroll of remove curse
 k - a scroll of teleportation
 l - a scroll of identify
Comestibles
 f - 3 bread rations
 g - 5 chunks of flesh
 h - a meat ration
 i - a beef jerky
 j - a slice of pizza


   Skills:
 + Level 3.9 Fighting
 + Level 3.5 Maces & Flails
 + Level 4.1 Armour
 + Level 1.1 Dodging
 + Level 0.5 Stealth
 + Level 4.5 Shields


You had 4 spell levels left.
You didn't know any spells.

Dungeon Overview and Level Annotations

Branches:
Dungeon (3/15)

Altars:

Annotations:
D:3 Sigmund


Innate Abilities, Weirdness & Mutations

You are resistant to torment.
Your stone body is resilient. (AC +4)
You are immune to poison.
You resist negative energy. (rN+)
You are resistant to electric shocks. (rElec)
You can survive without breathing.
You are immune to petrification.
You are immune to rotting.


Message History

You sock the orc!
You kill the orc!
You feel very mighty all of a sudden.
You hear some strange, mumbled words.
A puff of flame appears from out of thin air!
The puff of flame misses you.
You hear some strange, mumbled words.
A puff of flame appears from out of thin air!
The puff of flame misses you.
Items here: $ ) [ † a falchion of holy wrath; a chain mail; 11 gold pieces; an orc corpse You miss something.
Something hits you.
* * * LOW HITPOINT WARNING * * *
You closely miss something. Something hits you.
* * * LOW HITPOINT WARNING * * *
You sock something! You block something's attack.
You miss something. Something hits you but does no damage.
You barely miss something. Something hits you but does no damage.
You miss something. Something hits you!
You die...

#....####......##.##
#.....# #......##... #.
#.....# #......####. #<
#.....###......###..
###.###........#.........#
#.....########.#.#.######
#..........(..)..#.######
#......#######.[........##
#.....oo{@................
#.....######..............
#.....# #..............
#....o# #.............>
###.... #..............
#...... #..............
#........ ##.............
#......... ##...)......#.
#......oo.. ############.


You could see 2 orcs.

Vanquished Creatures
  An orc wizard (D:3)
  Natasha (D:3)
  3 gnolls (D:3)
  3 adders
  An ooze (D:3)
  A worm (D:2)
  A dart slug (D:1)
  6 leopard geckos
  6 orcs (D:3)
  5 bats
  7 giant cockroaches
  5 goblins
  3 hobgoblins
  6 jackals (D:1)
  6 kobolds
  A ball python (D:1)
  2 frilled lizards (D:2)
  10 rats
68 creatures vanquished.

Notes
Turn   | Place    | Note
-------+----------+-------------------------------------------
     0 | D:1      | JeffiDaFish the Gargoyle Fighter began the quest for the Orb.
     0 | D:1      | Reached XP level 1. HP: 14/14 MP: 1/1
    74 | D:1      | Reached XP level 2. HP: 8/19 MP: 2/2
   659 | D:1      | Reached XP level 3. HP: 23/23 MP: 3/3
  1174 | D:2      | Reached XP level 4. HP: 29/29 MP: 4/4
  1889 | D:3      | Noticed Natasha
  1909 | D:3      | Killed Natasha
  1909 | D:3      | Reached XP level 5. HP: 15/33 MP: 5/5
  2108 | D:3      | Noticed Sigmund
  2127 | D:3      | Reached skill level 1 in Dodging
  2636 | D:3      | Mangled by Sigmund

Skill      XL: |  1  2  3  4  5 |
---------------+----------------+-----
Shields        | 4 |  4.5
Maces & Flails | 3 |  3.5
Armour         | 4 |  4.1
Dodging        | 1 |  1.1
Fighting       | |  3.9
Stealth        | |  0.5

Action                   |  1- 3 |  4- 6 || total
-------------------------+-------+-------++-------
Melee: Flail             |   137 |   166 ||   303
  Use: Scroll            |     8 |     5 ||    13
       Potion            |       |     3 ||     3
  Eat: Chunk             |     1 |     4 ||     5
       Beef jerky        |       |     1 ||     1
Armor: Scale mail        |    88 |    75 ||   163
Dodge: Dodged            |    38 |    50 ||    88
Block: Shield            |   102 |   126 ||   228
